 Dungeon Crawl Stone Soup version 0.19-a0-1127-gac58878 (console) character file.

644 namelastname112 the Slasher (level 7, -5/60 HPs)
             Began as a Red Draconian Gladiator on Aug 12, 2016.
             Was an Initiate of Gozag.
             Slain by a gnoll
             ... wielding a +0 whip
              (7 damage)
             ... on level 3 of the Dungeon.
             The game lasted 00:11:06 (3826 turns).

namelastname112 the Slasher (DrGl)                  Turns: 3826, Time: 00:11:07

Health: -5/60      AC:  6    Str: 17    XL:     7   Next: 26%
Magic:  7/7        EV: 14    Int:  8    God:    Gozag
Gold:   608        SH:  0    Dex: 14    Spells: 0 memorised, 6 levels left

rFire  + . .     SeeInvis .     a - +0 long sword
rCold  . . .     Gourm    .     (armour unavailable)
rNeg   . . .     Faith    .     (no shield)
rPois  .         Spirit   .     b - +0 hat
rElec  .         Dismiss  .     (no cloak)
rCorr  .         Reflect  .     (no gloves)
SustAt .         Harm     .     (no boots)
MR     .....                    (no amulet)
Stlth  +.........               (no ring)
                                (no ring)

@: short of breath
A: breathe fire, unfitting armour, fire resistance 1, cold-blooded, AC +6
a: Breathe Fire, Potion Petition, Call Merchant, Bribe Branch, Renounce Religion


You were on level 3 of the Dungeon.
You worshipped Gozag.
Gozag was pleased with you.
You were not hungry.

You visited 1 branch of the dungeon, and saw 3 of its levels.

You collected 634 gold pieces.
You paid 26 gold pieces to Gozag.

Inventory:

Hand Weapons
 a - a +0 long sword (weapon)
Missiles
 c - 3 throwing nets (quivered)
Armour
 b - a +0 hat (worn)
Scrolls
 e - a scroll of fear {unknown}
 g - 3 scrolls of blinking {unknown}
 i - a scroll of immolation {unknown}
 j - 2 scrolls of magic mapping {unknown}
 l - 2 scrolls of random uselessness {unknown}
 n - a scroll of amnesia {unknown}
 o - 5 scrolls of identify {unknown}
 r - a scroll of remove curse {unknown}
Potions
 f - 3 potions of curing {unknown}
 k - a potion of agility {unknown}
 m - 2 potions of flight {unknown}
 p - 2 potions of might {unknown}
Comestibles
 d - 3 bread rations
 h - 3 fruits


   Skills:
 + Level 4.5 Fighting
 * Level 6.5 Long Blades
 - Level 1.7 Throwing
 + Level 4.4 Dodging


You had 6 spell levels left.
You didn't know any spells.

Dungeon Overview and Level Annotations

Branches:
Dungeon (3/15)

Altars:
Gozag
Makhleb
Ru
Trog


Innate Abilities, Weirdness & Mutations

You can breathe blasts of fire.
Your fiery red scales are hard. (AC +6)
Your body does not fit into most forms of armour.
Your flesh is heat resistant. (rF+)
You are cold-blooded and may be slowed by cold attacks.


Message History

6 gold pieces; a club The gnoll is distracted by the nearby gold.
There is an open door here.
You slash the gnoll!
The gnoll is heavily wounded.
The gnoll hits you from afar with a spear.
The gnoll closely misses you.
You take 5 damage, and have 23/60 hp.
You hit the gnoll.
You tail-slap the gnoll, but do no damage.
The gnoll is almost dead.
The gnoll hits you with a whip!
* * * LOW HITPOINT WARNING * * *
The gnoll hits you from afar with a spear!
* * * LOW HITPOINT WARNING * * *
The gnoll hits you from afar with a spear.
* * * LOW HITPOINT WARNING * * *
The gnoll hits you with a whip!
You die...
Your body crumbles into a pile of gold.

#################################
................P................
..............P.............P....
≈≈≈≈≈≈≈≈≈≈≈≈≈≈≈≈≈≈≈≈≈≈≈≈≈≈≈≈≈....
≈≈≈≈≈≈≈≈≈≈≈≈≈≈≈≈≈≈≈≈≈≈≈≈≈≈≈≈≈....
≈≈≈≈≈≈≈≈≈≈≈≈≈≈≈≈≈≈≈≈≈≈#####≈≈....
......................#.gg#≈≈....
#######################...#≈≈P...
......'.g$$$$ggg@'....#+###≈≈....
#######''#########....# #.≈≈≈....
..g..............#....# #.≈≈≈..P.
.....gg..........######.#.≈≈≈....
.................' '.#.≈≈≈....
.................' .' #.≈≈≈....
#######''###########'## #.≈≈≈....
######....#######..#..# #.≈≈≈....
.....'....'.....'..#a.#.#.≈≈≈....


You could see 3 gnolls.

Vanquished Creatures
  A gnoll sergeant (D:3)
  A giant frog skeleton (D:3)
  2 gnoll shamans (D:3)
  2 orc wizards (D:3)
  29 gnolls
  5 adders
  A worm (D:3)
  2 dart slugs
  A giant gecko (D:1)
  4 orcs (D:3)
  2 ball pythons
  4 giant cockroaches
  9 goblins
  10 hobgoblins
  18 jackals (D:3)
  A quokka (D:2)
  7 bats
  4 giant newts
  4 kobolds
  5 rats
112 creatures vanquished.

Notes
Turn   | Place    | Note
-------+----------+-------------------------------------------
     0 | D:1      | namelastname112 the Draconian Gladiator began the quest for the Orb.
     0 | D:1      | Reached XP level 1. HP: 17/17 MP: 1/1
   143 | D:1      | Reached XP level 2. HP: 9/25 MP: 2/2
  1037 | D:1      | Reached XP level 3. HP: 20/30 MP: 3/3
  1149 | D:2      | Reached skill level 4 in Long Blades
  1233 | D:2      | Found a sacrificial altar of Ru.
  1320 | D:2      | Found an opulent altar of Gozag.
  1381 | D:2      | Became a worshipper of Gozag Ym Sagoz the Greedy
  1566 | D:2      | Reached XP level 4. HP: 33/37 MP: 4/4
  1851 | D:3      | Reached XP level 5. HP: 45/45 MP: 5/5
  1873 | D:3      | Found a burning altar of Makhleb.
  2057 | D:3      | Reached skill level 5 in Long Blades
  2439 | D:3      | Found a bloodstained altar of Trog.
  2648 | D:3      | Reached XP level 6. HP: 51/51 MP: 6/6
  3071 | D:3      | Reached skill level 6 in Long Blades
  3494 | D:3      | Your scales start taking on a fiery red colour.
  3494 | D:3      | Reached XP level 7. HP: 30/59 MP: 7/7
  3494 | D:3      | Gained mutation: Your flesh is heat resistant. (rF+) [Red Draconian growth]
  3826 | D:3      | HP: 2/60 [gnoll/spear (6)]
  3826 | D:3      | Slain by a gnoll

Vault maps used:
D:1:      dpeg_arrival_sounds_slurp
D:2:      overflow_temple_1_default, overflow_temple_1_default
D:3:      lemuel_castle_with_subvaults, lemuel_doored_altar,
          lightli_temple_of_fire, st_stairs_3, serial_bayou_lagoon_a,
          bh_walls_and_bars

Skill      XL: |  1  2  3  4  5  6 |
---------------+-------------------+-----
Long Blades    | 4 5 6 |  6.5
Dodging        | 3 4 |  4.4
Fighting       | 3 4 |  4.5
Throwing       | |  1.7

Action                   |  1- 3 |  4- 6 |  7- 9 || total
-------------------------+-------+-------+-------++-------
Melee: Long sword        |   109 |   276 |    47 ||   432
       Tailslap          |    10 |    36 |     6 ||    52
 Abil: Breathe Fire      |       |       |     1 ||     1
  Use: Potion            |       |     2 |       ||     2
 Stab: Sleeping          |     1 |       |       ||     1
  Eat: Chunk             |     2 |       |       ||     2
       Pizza             |       |     1 |       ||     1
       Meat ration       |       |     1 |       ||     1
       Beef jerky        |       |     1 |       ||     1
Armor: Skin              |    18 |    60 |     7 ||    85
Dodge: Dodged            |    59 |   156 |    32 ||   247
